NTL
DULUTH-SUPERIOR DUKES @ ST. CLOUD ROX
06/23/1982
 
TOP OF THE 1ST
Duluth-Superior Dukes batting - Pitching for St. Cloud Rox : RHP Bruce Reyna
Pitching: RHP Bruce Reyna
Batting: RHB Ricky Sheetz 0-0: Called Strike
0-1: Ball
1-1: Called Strike
1-2: Strikes out swinging
Batting: LHB Ralph Bryant 0-0: Foul Ball, location: 2F
0-1: Ball
1-1: Ball
2-1: Foul Ball, location: 2F
2-2: Foul Ball, location: 2F
2-2: Strikes out looking
Batting: LHB Ron Henika 0-0: Ball
1-0: Ground out U3 (Groundball, 3, EV 96.3 MPH)
Top of the 1st over - 0 runs, 0 hits, 0 errors, 0 left on base; Duluth-Superior 0 - St. Cloud 0
BOTTOM OF THE 1ST
St. Cloud Rox batting - Pitching for Duluth-Superior Dukes : LHP Kenneth Swank
Pitching: LHP Kenneth Swank
Batting: RHB Douglas Morganti 0-0: Ball
1-0: Called Strike
1-1: Foul Ball, location: 2F
1-2: Foul Ball, location: 2F
1-2: Ball
2-2: Foul Ball, location: 2F
2-2: Ball
3-2: Strikes out swinging
Batting: RHB Ron Gooch 0-0: Ball
1-0: Foul Ball, location: 2F
1-1: Ground out 4-3 (Groundball, 4, EV 103.1 MPH)
Batting: SHB R J Reynolds 0-0: Fly out, F4 (Popup, 4MD, EV 40.0 MPH)
Bottom of the 1st over - 0 runs, 0 hits, 0 errors, 0 left on base; Duluth-Superior 0 - St. Cloud 0
TOP OF THE 2ND
Duluth-Superior Dukes batting - Pitching for St. Cloud Rox : RHP Bruce Reyna
Batting: RHB Dave Hengel 0-0: Foul Ball, location: 2F
0-1: Fly out, F8 (Flyball, 8RXD, EV 92.5 MPH)
Batting: RHB Joseph Maloney 0-0: Called Strike
0-1: Ball
1-1: Swinging Strike
1-2: Strikes out swinging
Batting: RHB Jim Ferguson 0-0: Fly out, F8 (Flyball, 8LM, EV 83.8 MPH)
Top of the 2nd over - 0 runs, 0 hits, 0 errors, 0 left on base; Duluth-Superior 0 - St. Cloud 0
BOTTOM OF THE 2ND
St. Cloud Rox batting - Pitching for Duluth-Superior Dukes : LHP Kenneth Swank
Batting: RHB Bill Worden 0-0: Ball
1-0: Called Strike
1-1: Ball
2-1: Swinging Strike
2-2: Strikes out looking
Batting: RHB Domingos Maravilhas 0-0: Ball
1-0: Ball
2-0: Called Strike
2-1: Ball
3-1: Base on Balls
Batting: RHB Ron Gardenhire 0-0: Called Strike
0-1: Ball
1-1: Ball
2-1: Ball
3-1: Swinging Strike
3-2: Base on Balls
Domingos Maravilhas to second
Batting: RHB Dennis Sherrill 0-0: Ball
1-0: Swinging Strike
1-1: Swinging Strike
1-2: Ball
2-2: Ball
3-2: Strikes out swinging
Batting: RHB Rich Velasquez 0-0: Ball
1-0: Ball
2-0: Swinging Strike
2-1: Called Strike
2-2: Ball
3-2: Foul Ball, location: 2F
3-2: Fly out, F7 (Flyball, 78S, EV 88.8 MPH)
Bottom of the 2nd over - 0 runs, 0 hits, 0 errors, 2 left on base; Duluth-Superior 0 - St. Cloud 0
TOP OF THE 3RD
Duluth-Superior Dukes batting - Pitching for St. Cloud Rox : RHP Bruce Reyna
Batting: RHB Gary Hinson 0-0: Ball
1-0: Ball
2-0: Foul Ball, location: 2F
2-1: SINGLE (Line Drive, 9S, EV 96.3 MPH)
Batting: RHB Cecil Whitehead 0-0: Ball
1-0: Called Strike
1-1: Ball
2-1: Fly out, F9 (Flyball, 89S, EV 90.6 MPH)
Batting: RHB Hector Cervantes 0-0: Foul Ball, location: 2F
0-1: Ball
1-1: Foul Ball, location: 2F
1-2: Ball
2-2: Foul Ball, location: 2F
2-2: DOUBLE (Line Drive, 89XD, EV 113.8 MPH)
Gary Hinson to third
Batting: RHB Ricky Sheetz 0-0: Ball
Wild Pitch!
Gary Hinson scores
Hector Cervantes to third
1-0: Foul Ball, location: 2F
1-1: Foul Ball, location: 2F
1-2: Ball
2-2: Foul Ball, location: 2F
2-2: Ground out 1-3 (Groundball, 23, EV 68.8 MPH)
Batting: LHB Ralph Bryant 0-0: Called Strike
0-1: Ground out 4-3 (Groundball, 4M, EV 85.6 MPH)
Top of the 3rd over - 1 run, 2 hits, 0 errors, 1 left on base; Duluth-Superior 1 - St. Cloud 0
BOTTOM OF THE 3RD
St. Cloud Rox batting - Pitching for Duluth-Superior Dukes : LHP Kenneth Swank
Batting: SHB Manny Galvez 0-0: Called Strike
0-1: Ground out 5-3 (Groundball, 56, EV 95.0 MPH)
Batting: RHB Douglas Morganti 0-0: Ball
1-0: Foul Ball, location: 2F
1-1: Foul Ball, location: 2F
1-2: Ball
2-2: Ball
3-2: Base on Balls
Batting: RHB Ron Gooch 0-0: Called Strike
0-1: Ball
1-1: Ball
2-1: SINGLE (Line Drive, 9LS, EV 98.1 MPH)
Douglas Morganti to second
Runner from 2nd tries for 3rd, SAFE, throw by RF made to third
Batting: SHB R J Reynolds 0-0: Ball
1-0: 3-RUN HOME RUN (Flyball, 7LD, EV 96.3 MPH), Distance : 366 ft
Batting: RHB Bill Worden 0-0: Ball
1-0: Fly out, F7 (Flyball, 78M, EV 94.4 MPH)
Batting: RHB Domingos Maravilhas 0-0: Foul Ball, location: 2F
0-1: Swinging Strike
0-2: Foul Ball, location: 2F
0-2: Ball
1-2: Ball
2-2: Foul Ball, location: 2F
2-2: Ball
3-2: Strikes out swinging
Bottom of the 3rd over - 3 runs, 2 hits, 0 errors, 0 left on base; Duluth-Superior 1 - St. Cloud 3
TOP OF THE 4TH
Duluth-Superior Dukes batting - Pitching for St. Cloud Rox : RHP Bruce Reyna
Batting: LHB Ron Henika 0-0: Foul Ball, location: 2F
0-1: Ball
1-1: Ball
2-1: Swinging Strike
2-2: Foul Ball, location: 2F
2-2: Foul Ball, location: 2F
2-2: Foul Ball, location: 2F
2-2: Strikes out swinging
Batting: RHB Dave Hengel 0-0: Ball
1-0: Foul Ball, location: 2F
1-1: Ball
2-1: Fly out, F7 (Flyball, 78M, EV 88.1 MPH)
Batting: RHB Joseph Maloney 0-0: Ball
1-0: Ball
2-0: Called Strike
2-1: Ball
3-1: Called Strike
3-2: Ground out 3-1 (Groundball, 34S, EV 82.5 MPH)
Top of the 4th over - 0 runs, 0 hits, 0 errors, 0 left on base; Duluth-Superior 1 - St. Cloud 3
BOTTOM OF THE 4TH
St. Cloud Rox batting - Pitching for Duluth-Superior Dukes : LHP Kenneth Swank
Batting: RHB Ron Gardenhire 0-0: Ball
1-0: Fly out, F6 (Popup, 6D, EV 46.9 MPH)
Batting: RHB Dennis Sherrill 0-0: Foul Ball, location: 2F
0-1: Foul Ball, location: 2F
0-2: Ball
1-2: Fly out, F9 (Flyball, 89D, EV 103.1 MPH)
Batting: RHB Rich Velasquez 0-0: Ball
1-0: Called Strike
1-1: SINGLE (Flyball, 8LS, EV 89.4 MPH)
Batting: SHB Manny Galvez 0-0: Ball
1-0: Foul Ball, location: 2F
1-1: Ground out 5-3 (Groundball, 56S, EV 93.1 MPH)
Bottom of the 4th over - 0 runs, 1 hit, 0 errors, 1 left on base; Duluth-Superior 1 - St. Cloud 3
TOP OF THE 5TH
Duluth-Superior Dukes batting - Pitching for St. Cloud Rox : RHP Bruce Reyna
Batting: RHB Jim Ferguson 0-0: Swinging Strike
0-1: SINGLE (Groundball, 5S, EV 70.0 MPH) (infield hit)
Batting: RHB Gary Hinson 0-0: Ball
1-0: Foul Ball, location: 2F
1-1: Swinging Strike
1-2: Ball
2-2: Ground out 5-3 (Groundball, 56, EV 103.1 MPH)
Jim Ferguson to second
Batting: RHB Cecil Whitehead 0-0: Called Strike
0-1: Ball
1-1: Ball
2-1: Ball
3-1: Called Strike
3-2: Foul Ball, location: 2F
3-2: Foul Ball, location: 2F
3-2: Base on Balls
Batting: RHB Hector Cervantes 0-0: Ball
1-0: Grounds into double play, 5-4-3 (Groundball, 56S, EV 80.0 MPH)
Top of the 5th over - 0 runs, 1 hit, 0 errors, 1 left on base; Duluth-Superior 1 - St. Cloud 3
BOTTOM OF THE 5TH
St. Cloud Rox batting - Pitching for Duluth-Superior Dukes : LHP Kenneth Swank
Batting: RHB Douglas Morganti 0-0: Fly out, F3 (Popup, 3DF, EV 78.1 MPH)
Batting: RHB Ron Gooch 0-0: Foul Ball, location: 2F
0-1: Ball
1-1: Ball
2-1: Ball
3-1: Swinging Strike
3-2: SINGLE (Line Drive, 34, EV 96.3 MPH)
Batting: SHB R J Reynolds 0-0: Foul Ball, location: 2F
0-1: Ball
1-1: Ball
2-1: SINGLE (Line Drive, 7S, EV 97.5 MPH)
Ron Gooch to second
Batting: RHB Bill Worden 0-0: SINGLE (Line Drive, 34, EV 97.5 MPH)
Ron Gooch to third
R J Reynolds to second
Runner from 3rd tries for Home, SAFE, throw by RF to home
Batting: RHB Domingos Maravilhas 0-0: Foul Ball, location: 2F
0-1: Fly out, F8 (Flyball, 8RS, EV 91.3 MPH)
Batting: RHB Ron Gardenhire 0-0: Ball
1-0: Called Strike
1-1: Called Strike
1-2: Ball
2-2: Ball
3-2: Strikes out looking
Bottom of the 5th over - 1 run, 3 hits, 0 errors, 2 left on base; Duluth-Superior 1 - St. Cloud 4
TOP OF THE 6TH
Duluth-Superior Dukes batting - Pitching for St. Cloud Rox : RHP Bruce Reyna
Batting: RHB Ricky Sheetz 0-0: Ball
1-0: Ball
2-0: Ball
3-0: Called Strike
3-1: Base on Balls
Batting: LHB Ralph Bryant 0-0: Swinging Strike
0-1: Ball
1-1: Ball
2-1: Ball
3-1: Fielders Choice at 2nd, 4-6 (Groundball, 34D, EV 100.6 MPH)
Batting: LHB Ron Henika 0-0: Ball
1-0: Called Strike
1-1: Called Strike
1-2: Fly out, F8 (Flyball, 8LM, EV 83.8 MPH)
Batting: RHB Dave Hengel 0-0: SINGLE (Line Drive, 7S, EV 111.9 MPH)
Ralph Bryant to second
Batting: RHB Joseph Maloney 0-0: Called Strike
0-1: Ball
1-1: Foul Ball, location: 2F
1-2: Ball
2-2: Ball
3-2: Fly out, F8 (Flyball, 8LXD, EV 100.0 MPH)
Top of the 6th over - 0 runs, 1 hit, 0 errors, 2 left on base; Duluth-Superior 1 - St. Cloud 4
BOTTOM OF THE 6TH
St. Cloud Rox batting - Pitching for Duluth-Superior Dukes : LHP Kenneth Swank
Batting: RHB Dennis Sherrill 0-0: Fly out, F8 (Line Drive, 8RM, EV 91.3 MPH)
Batting: RHB Rich Velasquez 0-0: Called Strike
0-1: Ball
1-1: Swinging Strike
1-2: Foul Ball, location: 2F
1-2: Foul Ball, location: 2F
1-2: Ball
2-2: Strikes out swinging
Batting: SHB Manny Galvez 0-0: Ball
1-0: Fly out, F6 (Flyball, 56D, EV 83.8 MPH)
Bottom of the 6th over - 0 runs, 0 hits, 0 errors, 0 left on base; Duluth-Superior 1 - St. Cloud 4
TOP OF THE 7TH
Duluth-Superior Dukes batting - Pitching for St. Cloud Rox : RHP Bruce Reyna
Batting: RHB Jim Ferguson 0-0: Ball
1-0: Ball
2-0: Fly out, F9 (Flyball, 9D, EV 96.3 MPH)
Pitching: RHP Mike Smith
Batting: RHB Gary Hinson 0-0: Swinging Strike
0-1: Ball
1-1: Called Strike
1-2: Ball
2-2: Fly out, F7 (Flyball, 7, EV 80.0 MPH)
Batting: RHB Cecil Whitehead 0-0: Called Strike
0-1: Ball
1-1: Swinging Strike
1-2: Strikes out swinging
Top of the 7th over - 0 runs, 0 hits, 0 errors, 0 left on base; Duluth-Superior 1 - St. Cloud 4
BOTTOM OF THE 7TH
St. Cloud Rox batting - Pitching for Duluth-Superior Dukes : LHP Kenneth Swank
Pitching: RHP Oscar Negron
Batting: RHB Douglas Morganti 0-0: Ball
1-0: Foul Ball, location: 2F
1-1: Swinging Strike
1-2: Ball
2-2: Ball
3-2: Base on Balls
Batting: RHB Ron Gooch 0-0: Called Strike
0-1: Ball
Douglas Morganti steals 2nd base
1-1: Foul Ball, location: 2F
1-2: Ball
2-2: Foul Ball, location: 2F
2-2: Ball
3-2: Foul Ball, location: 2F
3-2: Foul Ball, location: 2F
3-2: Fly out, F8 (Line Drive, 8RM, EV 94.4 MPH)
Batting: SHB R J Reynolds 0-0: Intentional Walk
Batting: RHB Bill Worden 0-0: Called Strike
0-1: Ball
1-1: Foul Ball, location: 2F
1-2: Strikes out looking
Batting: RHB Domingos Maravilhas 0-0: Foul Ball, location: 2F
0-1: Ball
1-1: Ball
2-1: Foul Ball, location: 2F
2-2: Foul Ball, location: 2F
2-2: Strikes out looking
Bottom of the 7th over - 0 runs, 0 hits, 0 errors, 2 left on base; Duluth-Superior 1 - St. Cloud 4
TOP OF THE 8TH
Duluth-Superior Dukes batting - Pitching for St. Cloud Rox : RHP Mike Smith
Batting: RHB Hector Cervantes 0-0: Ball
1-0: Ball
2-0: Called Strike
2-1: Swinging Strike
2-2: Ball
3-2: SINGLE (Groundball, 6MS, EV 69.4 MPH) (infield hit)
Batting: RHB Ricky Sheetz 0-0: Called Strike
0-1: Ball
1-1: Ball
Wild Pitch!
Hector Cervantes to second
2-1: Swinging Strike
2-2: Hit by Pitch
Batting: LHB Ralph Bryant 0-0: Called Strike
0-1: Foul Ball, location: 2F
0-2: Ball
1-2: 3-RUN HOME RUN (Flyball, 7D, EV 101.9 MPH), Distance : 363 ft
Pitching: LHP Mark Shiflett
Batting: LHB Ron Henika 0-0: Ball
1-0: Ball
2-0: Called Strike
2-1: Ball
3-1: Ground out U3 (Groundball, 34S, EV 88.1 MPH)
Batting: RHB Dave Hengel 0-0: Called Strike
0-1: Swinging Strike
0-2: Fly out, F9 (Flyball, 89D, EV 90.6 MPH)
Batting: RHB Joseph Maloney 0-0: Foul Ball, location: 2F
0-1: Ball
1-1: Swinging Strike
1-2: DOUBLE (Flyball, 8RXD, EV 103.1 MPH)
Batting: RHB Jim Ferguson 0-0: Intentional Walk
Batting: RHB Gary Hinson 0-0: Ball
1-0: Called Strike
1-1: Ball
2-1: Foul Ball, location: 2F
2-2: Foul Ball, location: 2F
2-2: Foul Ball, location: 2F
2-2: Fly out, F9 (Flyball, 9, EV 90.6 MPH)
Top of the 8th over - 3 runs, 3 hits, 0 errors, 2 left on base; Duluth-Superior 4 - St. Cloud 4
BOTTOM OF THE 8TH
St. Cloud Rox batting - Pitching for Duluth-Superior Dukes : RHP Oscar Negron
Batting: RHB Ron Gardenhire 0-0: Ball
1-0: Foul Ball, location: 2F
1-1: Reached on error, E5 (Groundball, 56, EV 88.1 MPH)
Batting: RHB Dennis Sherrill 0-0: Bunted foul
0-1: Sac Bunt to 13 - play at first, batter OUT! 1-4
Ron Gardenhire to second
Batting: RHB Rich Velasquez 0-0: Ball
1-0: Ground out 6-3 (Groundball, 6, EV 81.9 MPH)
Ron Gardenhire to third
Batting: SHB Manny Galvez 0-0: Ball
1-0: TRIPLE (Line Drive, 89XD, EV 110.0 MPH)
Ron Gardenhire scores
Pitching: RHP Jack Lawson
Batting: RHB Douglas Morganti 0-0: Called Strike
0-1: Ground out 6-3 (Groundball, 6, EV 100.6 MPH)
Bottom of the 8th over - 1 run, 1 hit, 1 error, 1 left on base; Duluth-Superior 4 - St. Cloud 5
TOP OF THE 9TH
Duluth-Superior Dukes batting - Pitching for St. Cloud Rox : LHP Mark Shiflett
Pitching: RHP Mitch Zwolensky
Batting: RHB Cecil Whitehead 0-0: Ball
1-0: Ball
2-0: Foul Ball, location: 2F
2-1: Ball
3-1: Swinging Strike
3-2: Ground out 6-3 (Groundball, 6, EV 83.8 MPH)
Batting: RHB Hector Cervantes 0-0: Ball
1-0: Ball
2-0: Foul Ball, location: 2F
2-1: Ball
3-1: Ground out 1-3 (Groundball, 15S, EV 70.6 MPH)
Batting: RHB Ricky Sheetz 0-0: Fly out, F7 (Flyball, 7S, EV 83.1 MPH)
Top of the 9th over - 0 runs, 0 hits, 0 errors, 0 left on base; Duluth-Superior 4 - St. Cloud 5
Monday, August 10th, 2020 - OOTP Baseball 21.5 Build 76